 Dungeon Crawl Stone Soup version 0.32-a0-7-ge934b4519a (webtiles) character file.

Game seed: 2751038260010216417

2142587 bakla the Practitioner (level 25, 149/149 HPs)
             Began as a Felid Artificer on Jan 13, 2024.
             Was an Initiate of Elyvilon.
             Escaped with the Orb
             ... and 3 runes
             ... and 2 gems!
             The game lasted 01:35:58 (49830 turns).

bakla the Practitioner (Felid Artificer)           Turns: 49830, Time: 01:35:58

Health: 149/149    AC: 20    Str: 14 (15) XL:     25   Next: 13%
Magic:  39/39      EV: 59    Int: 16      God:    Elyvilon [......]
Gold:   5289       SH:  0    Dex: 23      Spells: 24/24 levels left
                                        Lives:  2   Deaths: 6

rFire   + .          .
                       - Unarmed
rCold   . . .        (shield unavailable)
rNeg    . . .        (body armour unavailable)
rPois   ∞            (helmet unavailable)
rElec   +            (cloak unavailable)
rCorr   .            (gloves unavailable)
SInv    +            (boots unavailable)
Will    +++..        j - amulet of regeneration
Stlth   +            b - ring of the Illusory Quests {rPois rF+}
HPRegen 1.24/turn    B - ring of the Tortoise {AC+8}
MPRegen 0.26/turn

%: no passive effects
@: storm-form, flying
A: cleaving, insubstantial, flying, very small, (claws 1), (fangs 3), see
invisible, (shaggy fur 3), (stealthy paws), no weapons or thrown items, no
armour, multi-lived, agile 1, deterioration 1, mutation resistance 1, (cold
vulnerability 1), persistent drain
0: Orb of Zot
}: 3/15 runes: decaying, serpentine, silver
a: Blinkbolt, Begin Untransformation, Renounce Religion


You escaped.
You worshipped Elyvilon.
Elyvilon was noncommittal.
You were a lightning-filled tempest!
You visited 10 branches of the dungeon, and saw 48 of its levels.
You also visited: Gauntlet and Ice Cave.

You collected 7459 gold pieces.
You spent 2170 gold pieces at shops.

Inventory:

Jewellery
 b - the ring of the Illusory Quests (left paw) {rPois rF+}
   (You found it on level 10 of the Dungeon)

   [ring of poison resistance]

   rF+:       It protects you from fire.
   rPois:     It protects you from poison
 j - an amulet of regeneration (around neck)
 m - an amulet of the acrobat
 n - a ring of protection from fire
 t - a ring of willpower
 u - the ring "Reshress" {rC+++ MP+9 Str-3 SInv Stlth-}
   (You found it on level 5 of the Vaults)

   [ring of magical power]

   Str-3:     It affects your strength (-3).
   rC+++:     It renders you almost immune to cold.
   MP+9:      It affects your magic capacity (+9).
   SInv:      It lets you see invisible.
   Stlth-:    It makes you less stealthy.
 A - a ring of ice
 B - the ring of the Tortoise (right paw) {AC+8}
   (You found it in a Gauntlet)

   [ring of protection]

   AC+8:      It affects your AC (+8).
 C - the ring of Red Wine {Fire ^Drain rElec Will+ Int+6}
   (You found it in a Gauntlet)

   [ring of fire]

   Fire:      It enhances your fire magic.
   Int+6:     It affects your intelligence (+6).
   rF+:       It protects you from fire.
   rC-:       It makes you vulnerable to cold.
   rElec:     It insulates you from electricity.
   Will+:     It increases your willpower.
   ^Drain:    It drains your maximum health when unequipped.
 O - a ring of protection from cold
 R - a ring of willpower
 Z - a ring of the Octopus King {HP+2 MP+9 AC+2 EV+2 SH+2}
   (You found it on level 5 of the Vaults)

   [ring of magical power]

   AC+2:      It affects your AC (+2).
   EV+2:      It affects your evasion (+2).
   HP+2:      It affects your health (+2).
   MP+9:      It affects your magic capacity (+9).
   SH+2:      It affects your SH (+2).
Talismans
 E - a storm talisman (active)
 X - a granite talisman
Wands
 f - a wand of acid (10)
 r - a wand of digging (37)
 x - a wand of charming (30)
 P - a wand of iceblast (45)
 S - a wand of flame (78)
Scrolls
 a - 8 scrolls of fog
 c - 4 scrolls of silence
 e - 3 scrolls of blinking
 i - 5 scrolls of fear
 q - 13 scrolls of teleportation
 v - 5 scrolls of amnesia
 F - 14 scrolls of noise
 H - 5 scrolls of vulnerability
 J - 4 scrolls of torment
 K - 3 scrolls of butterflies
 L - 5 scrolls of revelation
 Q - 21 scrolls of identify
 U - 4 scrolls of immolation
 Y - 2 scrolls of poison
Potions
 d - 3 potions of berserk rage
 g - a potion of cancellation
 h - 4 potions of brilliance
 k - 4 potions of resistance
 l - 3 potions of might
 o - 5 potions of enlightenment
 w - 8 potions of attraction
 z - 2 potions of ambrosia
 G - 3 potions of haste
 I - 2 potions of magic
 M - 11 potions of mutation
 T - a potion of invisibility
 V - 11 potions of curing
 W - 4 potions of lignification
Miscellaneous
 p - a tin of tremorstones (2/2)
 y - a phantom mirror
 D - a box of beasts
 N - a phial of floods


   Skills:
 + Level 20.8 Fighting
 + Level 21.2 Dodging
 - Level 1.3 Stealth
 + Level 20.7 Unarmed Combat
 - Level 23.1 Invocations
 - Level 3.2 Evocations
 - Level 23.0 Shapeshifting


You had 24 spell levels left.
You didn't know any spells.
Your spell library contained the following spells:

 Spells                   Type           Power      Damage    Failure   Level
 Apportation              Tloc           0%         N/A       26%         1
 Kiss of Death            Conj/Necr      0%         2d5       26%         1
 Magic Dart               Conj           0%         1d3       26%         1
 Necrotise                Necr           0%         1d4       26%         1
 Sandblast                Erth           0%         2d4       26%         1
 Blink                    Tloc           0%         N/A       36%         2
 Call Imp                 Summ           0%         N/A       36%         2
 Cigotuvi's Dreadful Rot  Necr/Alch/Air  0%         N/A       36%         2
 Jinxbite                 Hex            0%         N/A       36%         2
 Lesser Beckoning         Tloc           0%         N/A       36%         2
 Mercury Vapours          Alch/Air       0%         N/A       36%         2
 Momentum Strike          Conj/Tloc      0%         3d8       36%         2
 Searing Ray              Conj           0%         2d4       36%         2
 Static Discharge         Conj/Air       0%         3-3/arc   36%         2
 Call Canine Familiar     Summ           0%         N/A       58%         3
 Confusing Touch          Hex            0%         N/A       58%         3
 Gell's Gravitas          Tloc           0%         N/A       58%         3
 Hailstorm                Conj/Ice       0%         3d5       58%         3
 Mephitic Cloud           Conj/Alch/Air  0%         N/A       58%         3
 Passwall                 Erth           0%         N/A       58%         3
 Sigil of Binding         Hex            0%         N/A       58%         3
 Stone Arrow              Conj/Erth      0%         3d7       58%         3
 Summon Ice Beast         Ice/Summ       0%         N/A       58%         3
 Teleport Other           Tloc           0%         N/A       58%         3
 Tukima's Dance           Hex            0%         N/A       58%         3
 Vampiric Draining        Necr           0%         2d6       58%         3
 Volatile Blastmotes      Fire/Tloc      0%         2d10      58%         3
 Airstrike                Air            0%         2d(0-16)  94%         4
 Brom's Barrelling Bould  Conj/Erth      0%         2d3       94%         4
 Dispel Undead            Necr           0%         3d6       94%         4
 Fulminant Prism          Conj/Alch      0%         3d5       94%         4
 Iskenderun's Mystic Bla  Conj/Tloc      0%         2d3       94%         4
 Manifold Assault         Tloc           0%         N/A       94%         4
 Martyr's Knell           Necr/Summ      0%         N/A       94%         4
 Olgreb's Toxic Radiance  Alch           0%         N/A       94%         4
 Passage of Golubria      Tloc           0%         N/A       94%         4
 Petrify                  Alch/Erth      0%         N/A       94%         4
 Summon Blazeheart Golem  Fire/Summ      0%         N/A       94%         4
 Summon Lightning Spire   Summ/Air       0%         N/A       94%         4
 Alistair's Intoxication  Alch           0%         N/A       100%        5
 Borgnjor's Vile Clutch   Necr/Erth      0%         N/A       100%        5
 Curse of Agony           Necr           0%         N/A       100%        5
 Freezing Cloud           Conj/Ice/Air   0%         6-21      100%        5
 Irradiate                Conj/Alch      0%         3d11      100%        5
 Iskenderun's Battlesphe  Conj           0%         2d6       100%        5
 Lee's Rapid Deconstruct  Erth           0%         3d4*      100%        5
 Silence                  Hex/Air        0%         N/A       100%        5
 Summon Mana Viper        Hex/Summ       0%         N/A       100%        5
 Death Channel            Necr           0%         N/A       100%        6
 Dispersal                Tloc           0%         N/A       100%        6
 Eringya's Noxious Bog    Alch           0%         4d6       100%        6
 Sculpt Simulacrum        Ice/Alch       0%         N/A       100%        6
 Summon Cactus Giant      Summ           0%         N/A       100%        6
 Malign Gateway           Summ/Tloc      0%         N/A       100%        7
 Monstrous Menagerie      Summ           0%         N/A       100%        7
 Ozocubu's Refrigeration  Ice            0%         4d7       100%        7
 Summon Hydra             Summ           0%         N/A       100%        7
 Discord                  Hex            0%         N/A       100%        8
 Disjunction              Tloc           0%         N/A       100%        8
 Lehudib's Crystal Spear  Conj/Erth      0%         10d2      100%        8
 Sublimation of Blood     Necr           Unusable   N/A       N/A         2
 Animate Armour           Summ/Erth      Unusable   N/A       N/A         4
 Dimensional Bullseye     Hex/Tloc       Unusable   N/A       N/A         4

Dungeon Overview and Level Annotations

Branches:
Dungeon (15/15)            Temple (1/1) D:4            Lair (5/5) D:9
  Swamp (4/4) Lair:3        Snake (4/4) Lair:3        Slime (0/5) Lair:5
    Orc (2/2) D:9             Elf (3/3) Orc:2        Vaults (5/5) D:13
  Crypt (0/3) Vaults:2     Depths (4/4) D:15            Zot (5/5) Depths:4
  IceCv (visited)         Gauntlet (visited)

Altars:
Ashenzari
Cheibriados
Dithmenos
Elyvilon
Fedhas
Gozag
Hepliaklqana
Kikubaaqudgha
Makhleb
Nemelex Xobeh
Okawaru
Qazlal
Ru
Sif Muna
Trog
Uskayaw
Vehumet
Wu Jian
Xom
Yredelemnul
Zin
The Shining One
Jiyva
Lugonu

Shops:
D:7 (   D:9 *   D:10 (   D:11 [   D:15 :??(   Orc:2 (:?:   Elf:1 [   Elf:3 :
Snake:1 ?   Vaults:4 ((

Portals:
Abyss: Lair:5

Annotations:
D:11 3 runed translucent doors, tmcgee265's ghost, journeyman BaFi
D:14 2 transporters
Swamp:1 1 runed translucent door, Don Ynad's ghost, adept FoDe
Swamp:2 2 transporters, Ureret's ghost, adept GrFi
Elf:2 3 runed translucent doors
Depths:2 exclusion: upstairs
Depths:3 exclusion: 2 upstairs
Zot:3 2 transporters
Zot:4 Tiamat


Innate Abilities, Weirdness & Mutations

You are a lightning-filled tempest!
Your electrical attacks strike out in all directions at once.
You are incredibly evasive.
Your insubstantial body is immune to petrification, constriction, and being set on fire You are flying.
You are immune to poison.
((You have sharp claws.))
((You have razor-sharp teeth.))
You have supernaturally acute eyesight. (SInv)
((Your thick and shaggy fur keeps you warm. (AC +3, rC+)))
((Your paws help you pounce on unaware monsters.))
You are incapable of wielding weapons or throwing items.
You cannot wear armour.
You gain extra lives every three experience levels.
You are agile. (Dex +4, Str/Int -1)
Your body sometimes deteriorates upon taking damage.
You are somewhat resistant to further mutation.
((You are vulnerable to cold. (rC-)))
Your health recovers twice as slowly from being drained.


Message History

The Orb Guardian is heavily wounded.
The Orb Guardian hits you!
You blast the Orb Guardian!!!!
Lightning courses through the Orb Guardian!!
You kill the Orb Guardian!
No target in view!
No target in view!
What level of the Dungeon? (default 1, ? - help)
You see here a +3 scythe of venom.
There is an open door here.
A cacodemon and an orange demon come into view.
The orange demon screeches!
The cacodemon gestures at you.
Strange energies course through your body.
You feel odd for a moment.
There is a stone staircase leading up here.
The cacodemon gestures at you.
Strange energies course through your body.
You feel odd for a moment.
You fly upwards.
There is a stone staircase leading down here.
What level of the Dungeon? (default 1, ? - help)
There is a stone staircase leading up here.
You fly upwards.
There is a stone staircase leading down here.
You see here a +0 dagger.
There is an open door here.
An Orb Guardian comes into view.
There is a stone staircase leading up here.
The Orb Guardian completely misses you.
You fly upwards.
There is a stone staircase leading down here.
What level of the Dungeon? (default 1, ? - help) You're already here!
What level of the Dungeon? (default 1, ? - help)
There is a large open door here.
There is a large open door here.
There is a large open door here.
There is a staircase leading out of the dungeon here.
You have escaped!

##''# #...#...# #..# #...#####
###''### #.>.###### #......#
#......... #.≈≈§§.# #.########
########## #.§≈≈≈.# #.########
.........# #......# #.........
.........# ###''### #.........
.........## #v.# #.........
..........# #### #.........
..........##############.........
..[...........).....>..'......†..
..........##############.........
.........## #......... .........#
#......... ########.# #.........
#.# #......)..


There were no monsters in sight!

Vanquished Creatures
  7 orbs of fire
  2 dread liches (Zot:5)
  3 ancient liches
  2 pandemonium lords
  Bai Suzhen (Vaults:2)
  2 Killer Klowns (Zot:5)
  2 curse toes (Zot:2)
  Norris (Vaults:3)
  Nikola (Vaults:3)
  8 golden dragons
  A Tzitzimitl (Zot:1)
  3 electric golems
  9 tentacled monstrosities
  Asterion (Elf:2)
  A lich (Vaults:5)
  An Ice Fiend (D:4)
  30 Orb Guardians
  8 titans
  9 quicksilver dragons
  2 deep elf blademasters (Elf:3)
  2 deep elf master archers (Elf:3)
  8 death cobs
  11 shadow dragons
  6 thorn hunters
  2 tengu reavers (Vaults:5)
  8 draconian monks
  2 nagarajas
  11 storm dragons
  2 protean progenitors (Zot:1)
  A demonspawn warmonger (D:4)
  4 fire giants
  11 draconian shifters
  8 draconian scorchers
  9 draconian knights
  4 deep elf sorcerers
  18 vault wardens
  3 frost giants (Vaults:5)
  2 hydra zombies (Swamp:4)
  8 deep elf elementalists (Elf:3)
  3 ghost moths
  2 orc warlords
  A reaper (D:4)
  6 draconian annihilators
  A spectral juggernaut (Depths:2)
  2 ghouls (Swamp:4)
  2 draconian stormcallers
  20 ironbound preservers
  15 very ugly things
  4 ironbound thunderhulks
  2 formless jellyfish (Vaults:2)
  9 stone giants
  A vampire knight (Depths:2)
  A demonspawn black sun (D:4)
  6 eleionomae
  18 green draconians
  A lorocyproca (Zot:1)
  10 purple draconians
  11 deep elf demonologists
  A spectral titan (Depths:2)
  10 dire elephants
  14 white draconians
  11 black draconians
  3 war gargoyles
  A minotaur (Gauntlet)
  6 bunyips
  5 deep elf death magi
  4 deep elf annihilators (Elf:3)
  13 red draconians
  16 yellow draconians
  8 ettins
  A blizzard demon (Temple)
  3 entropy weavers
  A crystal guardian (Vaults:3)
  4 great orbs of eyes
  6 deep elf high priests
  13 yaktaur captains
  2 fire dragons
  A shambling mangrove (Swamp:4)
  Erolcha (Orc:2)
  3 peacekeepers
  29 vault guards
  8 ironbound frosthearts
  2 ice dragons (Zot:1)
  A spectral shadow dragon (Depths:2)
  5 ogre magi
  15 centaur warriors
  6 salamander tyrants
  2 spectral fire giants (Depths:2)
  A hell beast (D:10)
  Erica (Lair:2)
  13 hydras
  15 anacondas
  2 spectral frost giants (Depths:2)
  A spectral stone giant (Depths:2)
  14 dancing weapons
  A two-headed ogre (shapeshifter) (Depths:4)
  2 death knights
  2 deep troll shamans
  16 two-headed ogres
  9 alligators
  5 boulder beetles
  10 death yaks
  15 naga warriors
  A deep troll earth mage (D:15)
  4 occultists (D:13)
  Urug (D:10)
  2 vampire magi
  A tengu warrior (D:14)
  3 orc high priests
  Sonja (D:13)
  4 thrashing horrors (Lair:5)
  5 shock serpents
  8 naga sharpshooters
  A soul eater (Depths:2)
  7 deep elf knights
  Nergalle (Orc:1)
  4 salamander mystics (Snake:4)
  3 sixfirhies
  2 iron trolls
  2 skeletal warriors (D:15)
  4 skysharks
  5 spriggan druids
  A cherub (Zot:5)
  A glowing orange brain (Depths:2)
  9 goliath frogs
  2 sea snakes (Snake:2)
  17 mana vipers
  2 spectral spark wasps (Depths:2)
  6 lindwurms
  42 deep trolls
  5 bog bodies
  A death drake (shapeshifter) (Lair:5)
  20 deep elf archers
  8 swamp dragons
  10 orc knights
  4 spectral hydras (Swamp:4)
  Pikel (D:5)
  14 arcanists
  16 ironbound convokers
  3 large abominations
  21 deep elf zephyrmancers
  A necromancer (Vaults:5)
  7 naga ritualists
  A phantasmal warrior (Vaults:5)
  4 harpies (Vaults:3)
  24 deep elf pyromancers
  A wolf spider (Vaults:5)
  2 cyclopes
  3 manticores
  14 orc sorcerers
  3 oklob plants (Swamp:4)
  5 will-o-the-wisps
  29 ugly things
  A moth of wrath (shapeshifter) (Vaults:5)
  3 elephants (Lair:1)
  Joseph (D:7)
  21 salamanders
  5 guardian serpents
  26 moths of wrath
  3 meliai
  32 black mambas
  A water nymph (shapeshifter) (Vaults:4)
  3 kobold blastminers (Orc:1)
  3 gargoyles
  8 naga magi
  12 vault sentinels
  2 eyes of devastation (shapeshifter) (Vaults:3)
  10 cane toads
  An ice statue (IceCv)
  A torpor snail (Lair:2)
  2 smoke demons (Lair:5)
  An orange demon (Depths:4)
  9 komodo dragons
  An unseen horror (shapeshifter) (Lair:5)
  A rime drake (shapeshifter) (Vaults:5)
  8 rime drakes
  2 tengu conjurers
  4 freezing wraiths (Swamp:4)
  An unseen horror (D:10)
  39 yaktaurs
  3 ice devils
  A tormentor (Depths:4)
  A merfolk (shapeshifter) (Vaults:3)
  A spectral glowing shapeshifter (Depths:2)
  A spectral human (Depths:2)
  A queen bee (Gauntlet)
  A troll (shapeshifter) (D:15)
  5 tyrant leeches
  A bloated husk (Swamp:2)
  14 polar bears
  10 trolls
  9 hornets
  A raiju (Lair:5)
  A raiju (shapeshifter) (Vaults:3)
  14 blink frogs
  A glass eye (shapeshifter) (Vaults:5)
  4 centaur simulacra (D:12)
  A spriggan (shapeshifter) (D:14)
  26 slime creatures
  12 spriggans
  3 air elementals
  A yak (shapeshifter) (Vaults:5)
  Eustachio (D:6)
  9 wraiths
  3 wyverns
  3 wargs
  2 water elementals
  A ynoxinul (D:4)
  2 steam dragons
  71 yaks
  7 fire elementals
  7 basilisks
  A warg (shapeshifter) (Vaults:3)
  4 redbacks (Vaults:1)
  22 vampire mosquitoes
  2 chaos spawn (Lair:5)
  A redback simulacrum (D:15)
  A swamp worm (shapeshifter) (Vaults:5)
  3 acid dragons
  28 nagas
  16 swamp worms
  12 water moccasins
  2 hydra simulacra (Swamp:4)
  Edmund (D:4)
  A meliai simulacrum (D:14)
  8 swamp drakes
  20 orc warriors
  3 sky beasts
  3 laughing skulls
  2 swamp dragon zombies (Swamp:4)
  15 ogres
  2 swamp dragon skeletons (Swamp:4)
  3 black bears
  5 ice beasts
  A boggart (Elf:1)
  18 wolves
  A phantom (D:5)
  16 centaurs
  A lemure (D:4)
  2 kobold brigands
  10 bullfrogs
  14 small abominations
  A gnoll sergeant (D:6)
  3 earth elementals
  A scorpion (D:5)
  4 wights (D:8)
  10 killer bees
  6 electric eels
  6 howler monkeys
  3 bombardier beetles
  2 hounds
  3 jellies
  A gnoll bouda (D:4)
  15 orc priests
  6 iguanas
  Terence (D:2)
  7 hell rats (Lair:5)
  32 orc wizards
  9 adders
  8 gnolls
  A swamp drake zombie (Swamp:4)
  A shadow imp (D:6)
  A swamp drake skeleton (Swamp:4)
  2 white imps
  An ufetubus (D:12)
  2 dart slugs
  79 orcs
  13 ball pythons
  4 endoplasms
  5 giant cockroaches
  9 goblins
  11 hobgoblins
  2 jackals (D:2)
  4 quokkas
  7 bats
  6 frilled lizards
  19 kobolds
  6 rats
  2 spectral weapons (Elf:2)
1897 creatures vanquished.

Vanquished Creatures (collateral kills)
  Agnes (Snake:2)
  A black mamba (Snake:2)
  2 ogres (D:15)
  2 killer bees (D:9)
  An orc priest (D:4)
  A dart slug (D:1)
  3 orcs (D:4)
  2 endoplasms (D:1)
  A hobgoblin (D:4)
  A quokka (D:1)
  A kobold (D:1)
16 creatures vanquished.

Vanquished Creatures (others)
  A war gargoyle (Vaults:2)
  A deep elf knight (Elf:3)
  An occultist (D:13)
  A deep elf pyromancer (Elf:1)
  2 black mambas
  2 bloated husks (Swamp:1)
  A killer bee (D:8)
  2 orcs (Orc:2)
  20 foxfires
31 creatures vanquished.

Grand Total: 1944 creatures vanquished

Notes
Turn   | Place    | Note
-------+----------+-------------------------------------------
     0 | D:1      | bakla the Felid Artificer began the quest for the Orb.
     0 | D:1      | Reached XP level 1. HP: 10/10 MP: 2/2
    66 | D:1      | Reached skill level 1 in Unarmed Combat
   106 | D:1      | Reached XP level 2. HP: 14/14 MP: 3/3
   531 | D:1      | Reached XP level 3. HP: 17/18 MP: 4/4
   587 | D:1      | Found a faded altar of an unknown god.
   848 | D:2      | Reached skill level 1 in Shapeshifting
   979 | D:2      | Reached XP level 4. HP: 13/23 MP: 5/5
   979 | D:2      | Gained a life (2 lives remaining)
  1221 | D:2      | Identified the +4 short sword of Crystal {venom, *Slow
                  | rPois Str+3 Dex+9}
  1259 | D:2      | Noticed Terence
  1272 | D:2      | Killed Terence
  2279 | D:3      | Reached XP level 5. HP: 24/27 MP: 6/6
  2823 | D:4      | Gained mutation: You are covered in thick fur. (AC +2)
                  | [Felid growth]
  2823 | D:4      | Reached XP level 6. HP: 8/32 MP: 7/7
  3056 | D:4      | Reached skill level 5 in Dodging
  3063 | D:4      | Slain by an ogre
  3063 | D:4      | Lost a life (1 life remaining)
  3177 | D:4      | Noticed an orc warrior
  3247 | D:4      | Found a staircase to the Ecumenical Temple.
  3256 | Temple   | Entered the Ecumenical Temple
  3400 | D:4      | Reached XP level 7. HP: 13/36 MP: 8/8
  3400 | D:4      | Gained a life (2 lives remaining)
  3600 | D:4      | Noticed Edmund
  3642 | D:4      | Killed Edmund
  4407 | D:5      | Entered Level 5 of the Dungeon
  4410 | D:5      | Noticed Pikel
  4569 | D:5      | Killed Pikel
  4570 | D:5      | Reached XP level 8. HP: 14/41 MP: 9/9
  4827 | D:5      | Found an ornate altar of the Wu Jian Council.
  4834 | D:5      | Became a worshipper of the Wu Jian Council
  4860 | D:5      | Slain by an iguana
  4860 | D:5      | Lost a life (1 life remaining)
  5653 | D:6      | Reached XP level 9. HP: 46/46 MP: 10/10
  5688 | D:6      | Noticed Eustachio
  5736 | D:6      | Killed Eustachio
  5751 | D:6      | Reached skill level 5 in Unarmed Combat
  5964 | D:6      | Reached skill level 5 in Fighting
  6007 | D:6      | Found a shadowy altar of Dithmenos.
  6313 | D:7      | Noticed Joseph
  6716 | D:7      | Killed Joseph
  6918 | D:7      | Reached XP level 10. HP: 22/53 MP: 11/11
  6918 | D:7      | Gained a life (2 lives remaining)
  7033 | D:7      | Found a burning altar of Makhleb.
  7168 | D:7      | Reached * piety under Wu Jian
  7275 | D:7      | Slain by an orc priest
  7275 | D:7      | Lost a life (1 life remaining)
  7547 | D:7      | Found Xaumumim's Weapon Boutique.
  9203 | D:9      | Reached ** piety under Wu Jian
  9488 | D:9      | Found a staircase to the Lair.
  9625 | D:9      | Found Gozag's Platinum Reserve.
  9632 | D:9      | Found an opulent altar of Gozag.
  9635 | D:9      | Reached skill level 10 in Dodging
  9703 | D:9      | Found a staircase to the Orcish Mines.
  9798 | D:9      | Found a glowing silver altar of Zin.
 10159 | D:9      | Found a hide-covered altar of Uskayaw.
 10493 | D:10     | Entered Level 10 of the Dungeon
 10497 | D:10     | Identified the ring of the Illusory Quests {rPois rF+}
 10567 | D:10     | Noticed a deep elf pyromancer
 10580 | D:10     | Killed a deep elf pyromancer
 10646 | D:10     | Noticed a two-headed ogre
 10656 | D:10     | Killed a two-headed ogre
 10657 | D:10     | Reached XP level 11. HP: 33/59 MP: 12/12
 11254 | D:10     | Noticed Urug
 11259 | D:10     | Paralysed by a hornet for 3 turns
 11261 | D:10     | Mangled by Urug
 11261 | D:10     | Lost a life (0 lives remaining)
 11269 | D:10     | Killed Urug
 11458 | D:10     | Found Nouteri's Antique Weapon Shop.
 11653 | D:11     | Noticed a two-headed ogre
 11696 | Lair:1   | Entered Level 1 of the Lair of Beasts
 11956 | Lair:1   | Noticed a boulder beetle
 11972 | Lair:1   | Killed a boulder beetle
 12955 | Lair:2   | Noticed Erica
 12961 | Lair:2   | Killed Erica
 13281 | Lair:2   | You fall into a shaft and drop 1 floor!
 13357 | Lair:3   | Reached *** piety under Wu Jian
 13364 | Lair:3   | Gained mutation: Your thick and shaggy fur keeps you warm.
                  | (AC +3, rC+) [Felid growth]
 13364 | Lair:3   | Reached XP level 12. HP: 56/66 MP: 13/13
 13417 | Lair:3   | Found a gate leading to a gauntlet.
 13427 | Lair:3   | Noticed a seven-headed hydra
 13428 | Gauntlet | Entered a Gauntlet
 13428 | Gauntlet | Found a transporter.
 13438 | Gauntlet | Found a transporter.
 13449 | Gauntlet | Found a transporter.
 13452 | Gauntlet | Found a transporter.
 13457 | Gauntlet | Noticed a green death
 13463 | Gauntlet | Found a transporter.
 13478 | Gauntlet | Found a transporter.
 13489 | Gauntlet | Found a transporter.
 13501 | Gauntlet | Found a transporter.
 13506 | Gauntlet | Found a transporter.
 13506 | Gauntlet | Found a transporter.
 13532 | Gauntlet | Found a runed translucent door.
 13535 | Gauntlet | Found a transporter.
 13535 | Gauntlet | Found a transporter.
 13538 | Gauntlet | Found a runed translucent door.
 13587 | Gauntlet | Found a transporter.
 13638 | Gauntlet | Found a transporter.
 13660 | Gauntlet | Reached skill level 10 in Shapeshifting
 13725 | Gauntlet | Identified the ring of Red Wine {Fire ^Drain rElec Will+
                  | Int+6}
 13868 | Gauntlet | Identified the ring "Ocloluho" {Int+3 Dex+6}
 13966 | Gauntlet | Noticed a minotaur
 13974 | Gauntlet | Killed a minotaur
 13981 | Gauntlet | Found the ring of the Tortoise {AC+8}
 13984 | Gauntlet | Identified the +7 great sword of Amorality {drain, Str+3}
 13996 | Lair:3   | Killed a seven-headed hydra
 14193 | Lair:3   | Reached skill level 10 in Unarmed Combat
 14203 | Lair:3   | Reached skill level 10 in Fighting
 14505 | Lair:3   | Found a staircase to the Snake Pit.
 14638 | Lair:3   | Found a staircase to the Swamp.
 15351 | Lair:3   | Reached **** piety under Wu Jian
 15740 | Lair:4   | Noticed a five-headed hydra
 15748 | Lair:4   | Killed a five-headed hydra
 15759 | Lair:4   | Reached XP level 13. HP: 65/72 MP: 14/14
 15759 | Lair:4   | Gained a life (1 life remaining)
 16181 | Lair:4   | Found a white marble altar of Elyvilon.
 16787 | Lair:5   | Entered Level 5 of the Lair of Beasts
 16977 | Lair:5   | Found a viscous altar of Jiyva.
 16977 | Lair:5   | Found a staircase to the Slime Pits.
 17536 | Lair:5   | Reached ***** piety under Wu Jian
 17590 | Lair:5   | Reached skill level 15 in Dodging
 17956 | Lair:5   | HP: 2/74 [large abomination (30)]
 18393 | Lair:5   | Found a corrupted altar of Lugonu.
 18393 | Lair:5   | Found a one-way gate to the infinite horrors of the Abyss.
 18482 | Lair:5   | Reached XP level 14. HP: 53/79 MP: 15/15
 18962 | D:11     | Found a runed translucent gate.
 18963 | D:11     | Found a runed translucent gate.
 19323 | D:11     | Found Cisuh's Antique Armour Shop.
 19458 | D:11     | Found a runed translucent gate.
 19458 | D:11     | Noticed tmcgee265's ghost (journeyman BaFi)
 19807 | D:12     | Found a frozen archway.
 19823 | IceCv    | Entered an ice cave
 19936 | IceCv    | Reached skill level 15 in Shapeshifting
 21461 | D:13     | Noticed Sonja
 21467 | D:13     | Killed Sonja
 21636 | D:13     | Found a gate to the Vaults.
 21924 | D:13     | Reached XP level 15. HP: 61/84 MP: 16/16
 22856 | D:14     | Found a transporter.
 22858 | D:14     | Found a transporter.
 22985 | D:14     | Found a broken altar of Ashenzari.
 23472 | D:15     | Entered Level 15 of the Dungeon
 23751 | D:15     | Reached ****** piety under Wu Jian
 24041 | D:15     | Found Ytesmeg's Weapon Shoppe.
 24041 | D:15     | Found Veujal's Magic Scroll Shoppe.
 24051 | D:15     | Bought a scroll of teleportation for 42 gold pieces
 24051 | D:15     | Bought a scroll of revelation for 105 gold pieces
 24051 | D:15     | Bought a scroll of revelation for 105 gold pieces
 24322 | D:15     | Found a staircase to the Depths.
 24501 | D:15     | Found Qosius's Book Shop.
 24519 | D:15     | Found Oranic's Magic Scroll Shoppe.
 24528 | D:15     | Bought a scroll of teleportation for 33 gold pieces
 24528 | D:15     | Bought 3 scrolls of teleportation for 99 gold pieces
 24699 | Orc:1    | Entered Level 1 of the Orcish Mines
 24765 | Orc:1    | Noticed Nergalle
 24771 | Orc:1    | Killed Nergalle
 24932 | Orc:1    | Reached XP level 16. HP: 13/88 MP: 17/17
 24932 | Orc:1    | Gained a life (2 lives remaining)
 25511 | Orc:2    | Entered Level 2 of the Orcish Mines
 26039 | Orc:2    | Found a staircase to the Elven Halls.
 26092 | Elf:1    | Entered Level 1 of the Elven Halls
 26273 | Orc:2    | Found Fylaops's Book Emporium.
 26369 | Orc:2    | Found a radiant altar of Vehumet.
 26371 | Orc:2    | Noticed Erolcha
 26375 | Orc:2    | Killed Erolcha
 26568 | Orc:2    | Found Naug's Book Shoppe.
 26578 | Orc:2    | Found an ancient bone altar of Kikubaaqudgha.
 26595 | Orc:2    | Found Egruqa's Magic Scroll Shoppe.
 26603 | Orc:2    | Bought a scroll of teleportation for 48 gold pieces
 26848 | Orc:2    | Found Xedwed's Antique Weapon Shoppe.
 27133 | D:15     | Bought a manual of Fighting for 1440 gold pieces
 27326 | Snake:1  | Entered Level 1 of the Snake Pit
 28496 | Snake:1  | Found Rugoq's Magic Scroll Shop.
 28504 | Snake:1  | Bought a scroll of revelation for 97 gold pieces
 28504 | Snake:1  | Bought a scroll of revelation for 97 gold pieces
 28504 | Snake:1  | Bought a scroll of fog for 52 gold pieces
 28504 | Snake:1  | Bought a scroll of teleportation for 39 gold pieces
 28504 | Snake:1  | Bought a scroll of noise for 13 gold pieces
 28898 | Snake:2  | Noticed Agnes
 28902 | Snake:2  | Mangled by Agnes
 28902 | Snake:2  | Lost a life (1 life remaining)
 29328 | Snake:2  | Killed Agnes
 30283 | Snake:2  | Reached XP level 17. HP: 75/95 MP: 18/18
 31406 | Snake:4  | Entered Level 4 of the Snake Pit
 31998 | Snake:4  | Reached skill level 15 in Fighting
 32128 | Snake:4  | Got a serpentine rune of Zot
 32557 | Swamp:1  | Entered Level 1 of the Swamp
 32836 | Swamp:1  | Found a runed translucent door.
 32840 | Swamp:1  | Noticed Don Ynad's ghost (adept FoDe)
 32842 | Swamp:1  | Identified the +1 trident of the Forgotten Youths {freeze,
                  | rF+ Dex+4}
 33780 | Swamp:2  | Reached XP level 18. HP: 99/107 MP: 19/19
 34131 | Swamp:2  | Found a transporter.
 34609 | Swamp:2  | Found a transporter.
 34613 | Swamp:2  | Noticed Ureret's ghost (adept GrFi)
 34718 | Swamp:3  | Noticed a tentacled monstrosity
 34829 | Swamp:3  | Killed a tentacled monstrosity
 35261 | Swamp:3  | Identified the +4 robe of Ynkiti {rC+ Dex+4 Slay+3 Stlth-}
 35416 | Swamp:4  | Entered Level 4 of the Swamp
 35897 | Swamp:4  | Found a blossoming altar of Fedhas.
 35912 | Swamp:4  | Found a basalt altar of Yredelemnul.
 36261 | Swamp:4  | Got a decaying rune of Zot
 36629 | Elf:1    | Found Vusicsi's Antique Armour Shop.
 36957 | Elf:1    | Reached XP level 19. HP: 116/117 MP: 20/20
 36957 | Elf:1    | Gained a life (2 lives remaining)
 37289 | Elf:2    | Noticed Asterion
 37299 | Elf:2    | Killed Asterion
 37618 | Elf:2    | Found a runed translucent gate.
 37619 | Elf:2    | Found a runed translucent gate.
 37619 | Elf:2    | Found a runed translucent gate.
 38019 | Elf:3    | Entered Level 3 of the Elven Halls
 38019 | Elf:3    | Found Qion's Self-Improvement Boutique.
 38143 | Elf:3    | Found an ancient bone altar of Kikubaaqudgha.
 38240 | Elf:3    | Noticed a Tzitzimitl
 38261 | Elf:3    | Identified the +5 battleaxe of Twilight {freeze, Str+4}
 38315 | Elf:3    | Identified the ring of Gin and Tonic {Ice Str+3}
 38317 | Elf:3    | Got the Teachings on Sparks and the Shot
 38339 | Elf:3    | Got a shimmering gem with 17 turns to spare
 38355 | Elf:3    | Lost the shimmering gem through the power of Zot.
 38360 | Elf:3    | Got Cooveah's Omnibus of Bringing Forth
 38378 | Elf:3    | Identified the staff "Dragonslayer" {rElec rPois SInv
                  | Stlth- Summ Air}
 39203 | Vaults:1 | Entered Level 1 of the Vaults
 39497 | Vaults:1 | Reached XP level 20. HP: 123/123 MP: 21/21
 39626 | Vaults:1 | Found a magical portal.
 40544 | Vaults:2 | Noticed Bai Suzhen
 40552 | Vaults:2 | Killed Bai Suzhen
 40553 | Vaults:2 | Reached skill level 15 in Unarmed Combat
 40697 | Vaults:2 | Found a staircase to the Crypt.
 41756 | Vaults:3 | Noticed Norris
 41767 | Vaults:3 | Killed Norris
 42427 | Vaults:3 | Noticed Nikola
 42445 | Vaults:3 | Killed Nikola
 42872 | Vaults:4 | Reached XP level 21. HP: 128/128 MP: 22/22
 43221 | Vaults:4 | Found Odel Afo's Weapon Shop.
 43460 | Vaults:4 | Found Nikyebb's Weapon Emporium.
 43718 | Vaults:5 | Entered Level 5 of the Vaults
 43733 | Vaults:5 | Reached skill level 1 in Invocations
 43757 | Vaults:5 | Reached skill level 5 in Invocations
 43821 | Vaults:5 | Noticed a golden dragon
 43824 | Vaults:5 | Killed a golden dragon
 43987 | Vaults:5 | Reached XP level 22. HP: 111/133 MP: 30/30
 43991 | Vaults:5 | Reached skill level 10 in Invocations
 44010 | Vaults:5 | Noticed an ancient lich
 44015 | Vaults:5 | Killed an ancient lich
 44079 | Vaults:5 | Noticed an ancient lich
 44091 | Vaults:5 | Killed an ancient lich
 44557 | Vaults:5 | Found the +4 Cigotuvi's embrace {Corpsefed rMiasma ^Drain
                  | rN+}
 44747 | Vaults:5 | Identified the ring "Reshress" {rC+++ MP+9 Str-3 SInv
                  | Stlth-}
 44839 | Vaults:5 | Identified the +3 scimitar of Chance {freeze, rC- rN++
                  | Int+2 Stlth+}
 44845 | Vaults:5 | Got a silver rune of Zot
 44950 | Vaults:5 | Found the ring of the Octopus King
 44954 | Vaults:5 | Identified a ring of the Octopus King {HP+2 MP+9 AC+2 EV+2
                  | SH+2}
 44957 | Vaults:5 | Got the Spellbook of the Summoned Fifth Circle
 45119 | Depths:1 | Entered Level 1 of the Depths
 45187 | Depths:3 | Found a snail-covered altar of Cheibriados.
 45207 | Depths:4 | Entered Level 4 of the Depths
 45395 | Depths:4 | Reached skill level 15 in Invocations
 45408 | Depths:4 | Found a gate to the Realm of Zot.
 45413 | Depths:4 | Got a midnight gem with 2736 turns to spare
 45415 | Zot:1    | Entered Level 1 of the Realm of Zot
 45432 | Zot:1    | Noticed a golden dragon
 45442 | Zot:1    | Killed a golden dragon
 45777 | Zot:1    | Noticed a golden dragon
 45783 | Zot:1    | Killed a golden dragon
 45784 | Zot:1    | Reached XP level 23. HP: 137/137 MP: 36/36
 46170 | Zot:2    | Noticed a curse toe
 46182 | Zot:2    | Killed a curse toe
 46550 | Zot:2    | Noticed an orb of fire
 46550 | Zot:2    | Gained mutation: Your body sometimes deteriorates upon
                  | taking damage. [an orb of fire]
 46550 | Zot:2    | Gained mutation: Your health recovers twice as slowly from
                  | being drained. [an orb of fire]
 46553 | Zot:2    | Gained mutation: You are vulnerable to cold. (rC-) [an orb
                  | of fire]
 46555 | Zot:2    | Gained mutation: You are agile. (Dex +4, Str/Int -1) [an
                  | orb of fire]
 46557 | Zot:2    | Killed an orb of fire
 46883 | Zot:2    | Noticed a curse toe
 46926 | Zot:2    | Killed a curse toe
 47176 | Zot:2    | Identified a scroll of acquirement
 47182 | Zot:2    | Acquired 672 gold pieces
 47300 | Zot:3    | Found a transporter.
 47724 | Zot:3    | Noticed an orb of fire
 47725 | Zot:3    | Gained mutation: You are somewhat resistant to further
                  | mutation. [an orb of fire]
 47738 | Zot:3    | Killed an orb of fire
 47917 | Zot:3    | Found a transporter.
 47939 | Zot:3    | You are sucked into a shaft and drop 1 floor!
 48579 | Zot:4    | Reached XP level 24. HP: 142/142 MP: 28/38
 48894 | Zot:4    | Found the +4 dragonskin cloak
 48894 | Zot:4    | Noticed Tiamat
 48905 | Zot:5    | Entered Level 5 of the Realm of Zot
 48905 | Zot:5    | Noticed an orb of fire
 48905 | Zot:5    | Noticed a Killer Klown
 48905 | Zot:5    | Noticed an orb of fire
 48905 | Zot:5    | Noticed an orb of fire
 48909 | Zot:5    | Killed an orb of fire
 48909 | Zot:5    | Killed a Killer Klown
 48910 | Zot:5    | Killed an orb of fire
 48912 | Zot:5    | Killed an orb of fire
 48921 | Zot:5    | Noticed a dread lich
 48932 | Zot:5    | Killed a dread lich
 48934 | Zot:5    | Noticed an ancient lich
 48944 | Zot:5    | Killed an ancient lich
 48990 | Zot:5    | Noticed an orb of fire
 48995 | Zot:5    | Killed from afar by an orb of fire
 48995 | Zot:5    | Lost a life (1 life remaining)
 49013 | Zot:5    | Killed an orb of fire
 49061 | Zot:5    | Noticed an orb of fire
 49064 | Zot:5    | Noticed a Killer Klown
 49066 | Zot:5    | Noticed a dread lich
 49072 | Zot:5    | Killed an orb of fire
 49078 | Zot:5    | Killed a dread lich
 49089 | Zot:5    | Got the Orb of Zot
 49100 | Zot:5    | Killed a Killer Klown
 49282 | Zot:1    | Noticed Zynwok the pandemonium lord
 49285 | Zot:1    | Killed Zynwok the pandemonium lord
 49347 | Depths:4 | Noticed Pitoon the pandemonium lord
 49364 | Depths:4 | HP: 3/143 [Pitoon the pandemonium lord (27)]
 49366 | Depths:4 | Killed Pitoon the pandemonium lord
 49367 | Depths:4 | Reached XP level 25. HP: 20/148 MP: 39/39
 49367 | Depths:4 | Gained a life (2 lives remaining)
 49441 | D:15     | Noticed Roakhur the pandemonium lord
 49699 | Temple   | Fell from the grace of Wu Jian
 49699 | Temple   | Became a worshipper of Elyvilon the Healer
 49830 | D:$      | Escaped with the Orb!

Illustrated notes

Levels and vault maps discovered:
D:1:      lightli_arrival_lavapool, layout_basic,
          chequers_ecumenical_altar_twisty
D:2:      layout_basic, uniq_terence
D:3:      minmay_thinvault, layout_basic
D:4:      minmay_polygon_palace, layout_loops_corners,
          minmay_temple_entry_nine_rooms, eino_curves_04, roderic_lattice_a,
          uniq_edmund
D:5:      layout_loops_ring, mainiacjoe_overflow_small_starburst,
          kennysheep_generic_room_6, uniq_pikel
D:6:      layout_cave_pools, mainiacjoe_overflow_six_doors_small, uniq_eustachio
D:7:      layout_rooms, amcnicky_altar_gilded, serial_shops, shop, uniq_joseph
D:8:      layout_cave_pods
D:9:      layout_layer_cave, nicolae_gozag_zags_fifth_avenue, zin_statuary,
          kennysheep_mini, dpeg_oklobed_lair
D:10:     layout_basic, serial_shops, nicolae_shop_hallway_stairs,
          kennysheep_generic_room_14, uniq_urug
D:11:     layout_roguey, gammafunk_ghost_nasty_kobolds, serial_shops,
          nicolae_shop_hallway_plus
D:12:     layout_loops_ring, serial_ice, serial_ice_k, serial_ice_b,
          serial_ice_o, serial_ice_f, portal_ice_cave_demonic_guard
D:13:     minmay_wizard_corner, layout_cave_pools, erik_vaults_1,
          dreamdust_wishing_well, uniq_sonja
D:14:     gammafunk_boulding_lane, layout_irregular_city, ashenzari_altar_1
D:15:     hellmonk_depths_entry_around_the_bend, layout_rooms, serial_shops,
          shop, nicolae_shop_peninsula, shop, nicolae_shop_stone
Temple:   nicolae_temple_bog_church
Lair:1:   layout_chaotic_city
Lair:2:   layout_small_grid, uniq_erica
Lair:3:   layout_chaotic_city, minmay_swamp_entry_eels, dummy_snake_entry,
          gauntlet_entry_generic, infiniplex_staircase_pool, lemuel_fruit_tree,
          grunt_megastairs_3
Lair:4:   layout_regular_city, basic_altar, nicolae_quartered_pool_medium,
          eino_small_chamber_without_monster
Lair:5:   hellmonk_lair_end_abyssal_woods, layout_regular_city, slime_entry_1
Swamp:1:  layout_falls_marsh, ebering_ghost_funeral_grove,
          evilmike_swamp_ruin_house_5, swamp_pool_4, infiniplex_staircase_pool_2
Swamp:2:  layout_basic_swamp, gammafunk_ghost_mausoleum,
          hangedman_swamp_ruin_hall
Swamp:3:  layout_basic_swamp, nicolae_swamp_little_tower,
          nicolae_swamp_no_escape
Swamp:4:  byrel_swamp_growth_death_and_undeath, layout_basic_swamp
Snake:1:  layout_gridlike, serial_shops, shop, serial_bayou_shore_b
Snake:2:  layout_basic, serial_bayou_shore_a, nicolae_triple_integral,
          uniq_agnes
Snake:3:  layout_onion_interference, grunt_megastairs_5
Snake:4:  snake_pit_salamanders_mu, layout_cave_town, nicolae_zig_zag_zippers,
          serial_bayou_shore_b
Orc:1:    layout_caves, basic_altar, nicolae_orc_beogh_chapel,
          minmay_orc_temple_b, uniq_nergalle
Orc:2:    kennysheep_orc_mage_school, layout_diamond_mine,
          lightli_church_of_beogh
Elf:1:    layout_geoelf_diagonals, serial_shops, nicolae_shop_window_shopping,
          hangedman_elf_disciples
Elf:2:    nicolae_elf_blades_crystal_corner, layout_loops_corners, uniq_asterion
Elf:3:    grunt_elf_hall_asides, layout_geoelf_octagon, basic_altar,
          nicolae_shop_self_help
Vaults:1: mu_enter_wizlab_1, ontoclasm_vaults_bender,
          nicolae_vaults_weapon_check, vaults_dpeg_ring,
          vaults_dpeg_emergency_exit, hangedman_vaults_locks,
          nicolae_vaults_trapezoid_lopsided_4, layout_vaults_omnigrid
Vaults:2: v_pattern_1, nicolae_vaults_prndl, st_quartered_hall,
          hangedman_vaults_maws, nicolae_vaults_trapezoid_lopsided_2,
          minmay_crypt_entry_simple_round, nicolae_vaults_network_barrier,
          nicolae_vaults_trapezoid_2, v_misc_4, nicolae_vaults_rhombus_6,
          nicolae_vaults_wine_cellar, layout_vaults_ring, uniq_bai_suzhen
Vaults:3: v_misc_4, nicolae_vaults_lightning_bolt,
          nicolae_vaults_storage_closets_1, nicolae_vaults_wrenched,
          grunt_vaults_swirl, grunt_vaults_diagonal, ontoclasm_vaults_chip,
          nicolae_vaults_stairing_the_circle, vaults_mumra_chevron,
          nicolae_vaults_loss_of_containment, nicolae_vaults_tetromino_L_1,
          layout_vaults_maze, uniq_nikola, uniq_norris
Vaults:4: vaults_room_large_hall, hangedman_vaults_trim, v_misc_27,
          nicolae_vaults_diamond_1, nicolae_vaults_big_ls,
          hangedman_vaults_stitches, vaults_room_glass_cross,
          nicolae_vaults_oval_intersection,
          nicolae_vaults_taking_the_gang_shopping,
          nicolae_vaults_trapezoid_lopsided_1, nicolae_vaults_tetromino_L_1,
          nicolae_vaults_little_squares_6, layout_vaults_big_room, serial_shops,
          shop
Vaults:5
Depths:1: layout_gridville, pan_entry, gammafunk_ghost_ooze, hell_entry,
          nrook_campfire, serial_sigils_hangedman_shear,
          nicolae_figureground_sparkle, minmay_shop_star
Depths:2: lemuel_river_lethe, pan_entry, hell_entry
Depths:3: hangedman_screamer, layout_basic, enter_ziggurat_e,
          cheibriados_altar_1, abyss_entry, hell_entry,
          infiniplex_staircase_pillars_3b
Depths:4: evilmike_zot_entry_hall, layout_basic, nicolae_benzene_ring,
          hell_entry
Zot:1:    layout_basic
Zot:2:    layout_misc_corridors, grunt_megastairs_2
Zot:3:    gammafunk_its_a_trap, layout_twisted_circle
Zot:4:    layout_concentric_octagons, regret_index_zotdec_twisting_globes,
          uniq_tiamat
Zot:5:    layout_onion

Skill      XL: |  1  2  3  4  5  6  7  8  9 10 11 12 13 14 15 16 17 18 19 20 21 22 23 24 |
---------------+-------------------------------------------------------------------------+-----
Unarmed Combat | 1 2 3 4 6 7 9 10 11 12 14 18 20 | 20.7
Shapeshifting  | 1 2 3 6 7 8 9 11 13 16 19 20 22 23 | 23.0
Fighting       | 2 3 4 6 7 9 10 11 12 13 16 19 20 | 20.8
Dodging        | 4 5 6 8 10 12 13 15 18 20 21 | 21.2
Invocations    | 9 16 20 23 | 23.1
Stealth        | |  1.3
Evocations     | |  3.2

Action                     |  1- 3 |  4- 6 |  7- 9 | 10-12 | 13-15 | 16-18 | 19-21 | 22-24 | 25-27 || total
---------------------------+-------+-------+-------+-------+-------+-------+-------+-------+-------++-------
  Melee: Unarmed           |   131 |   169 |   273 |   783 |  1418 |  1273 |   964 |  1194 |    61 ||  6266
         Bite              |    16 |    20 |    52 |   103 |   235 |    56 |       |       |       ||   482
         Punch             |     1 |     6 |     6 |     1 |    62 |   100 |   116 |   182 |    11 ||   485
 Invoke: Serpent's Lash    |       |       |       |     4 |    14 |    12 |     6 |    17 |     2 ||    55
         Heavenly Storm    |       |       |       |       |       |     2 |     2 |     1 |       ||     5
Ability: Lunge             |       |       |    13 |    51 |    87 |   131 |    93 |    88 |     3 ||   466
         Whirlwind         |       |       |       |   120 |   427 |   287 |   156 |   252 |     7 ||  1249
         Wall Jump         |       |       |       |       |     4 |       |       |       |       ||     4
         Blinkbolt         |       |       |       |       |       |     8 |     1 |     4 |       ||    13
  Evoke: Wand              |     2 |    15 |    15 |    28 |     4 |    17 |       |     5 |       ||    86
         Phantom mirror    |       |       |       |     2 |     1 |     1 |       |       |       ||     4
         Box of beasts     |       |       |       |       |       |     1 |       |       |       ||     1
    Use: Scroll            |     3 |     2 |     6 |    11 |     8 |    10 |       |     9 |       ||    49
         Potion            |       |       |     2 |    10 |     7 |     7 |     1 |    11 |     3 ||    41
   Stab: Sleeping          |     7 |     6 |     3 |       |     8 |    11 |     6 |     1 |       ||    42
         Distracted        |       |       |       |       |     2 |     6 |       |       |       ||     8
 Armour: Skin              |    35 |    49 |    66 |   179 |   200 |   254 |   161 |   248 |    14 ||  1206
  Dodge: Dodged            |   112 |   136 |   241 |   683 |  1303 |  1202 |   980 |  1294 |    57 ||  6008
   Form: Flux              |       |       |     1 |     1 |       |       |       |       |       ||     2
         Blade             |       |       |       |     1 |     1 |       |       |       |       ||     2
         Storm             |       |       |       |       |       |     1 |       |       |       ||     1

Table legend: (Time is in decaauts)
 A = Elapsed time spent in this place.
 B = Non-inter-level travel time spent in this place.
 C = Inter-level travel time spent in this place.
 D = Time resting spent in this place.
 E = Time spent auto-exploring this place.
 F = Levels seen in this place.
 G = Mean time per level.
                   A        B        C        D        E       F      G
               +--------+--------+--------+--------+--------+-----+--------+
         Total |  48939 |  45851 |   3088 |   4670 |  31376 |  50 |  978.8 |
       Dungeon |  17095 |  15522 |   1573 |   1550 |  11027 |  15 | 1139.7 |
        Temple |     24 |     12 |     12 |      0 |      0 |   1 |   24.0 |
          Lair |   6597 |   6331 |    266 |    726 |   4210 |   5 | 1319.4 |
         Swamp |   3768 |   3603 |    165 |    313 |   2601 |   4 |  942.0 |
     Snake Pit |   5129 |   4885 |    244 |    829 |   3252 |   4 | 1282.2 |
  Orcish Mines |   2366 |   2121 |    245 |     83 |   1612 |   2 | 1183.0 |
   Elven Halls |   2467 |   2323 |    144 |      0 |   1789 |   3 |  822.3 |
        Vaults |   5665 |   5392 |    273 |    180 |   4135 |   5 | 1133.0 |
        Depths |    558 |    502 |     56 |    176 |      1 |   4 |  139.5 |
           Zot |   3517 |   3411 |    106 |    602 |   1906 |   5 |  703.4 |
      Ice Cave |   1230 |   1230 |      0 |    118 |    702 |   1 | 1230.0 |
      Gauntlet |    516 |    516 |      0 |     93 |    139 |   1 |  516.0 |
               +--------+--------+--------+--------+--------+-----+--------+

Top non-repeatable levels by time:
     D:4: 2107 daAuts
 Snake:1: 2037 daAuts
  Lair:5: 2001 daAuts
     D:9: 1799 daAuts
   Orc:2: 1538 daAuts
  Lair:2: 1375 daAuts
    D:10: 1374 daAuts
  Lair:3: 1331 daAuts
    D:14: 1326 daAuts
     D:8: 1239 daAuts
Vaults:2: 1231 daAuts
   IceCv: 1230 daAuts
Vaults:5: 1224 daAuts
Vaults:1: 1218 daAuts
     D:5: 1175 daAuts
